 Dungeon Crawl Stone Soup version 0.30-a0-4-ga7cffc901d (webtiles) character file.

Game seed: 5237956518640394432

948 drpainis the Covert (level 7, -4/33 HPs)
             Began as a Spriggan Enchanter on Aug 20, 2022.
             Killed by divine providence
             ... invoked by an orc priest
              (14 damage)
             ... on level 5 of the Dungeon.
             The game lasted 00:09:44 (5887 turns).

drpainis the Covert (Spriggan Enchanter)            Turns: 5887, Time: 00:09:44

Health: -4/33      AC:  6    Str:  4    XL:     7   Next: 89%
Magic:  1/14       EV: 18    Int: 25    God:
Gold:   220        SH:  0    Dex: 15    Spells: 2/15 levels left

rFire   . . .      SeeInvis +    v - +1 dagger (venom)
rCold   . . .      Faith    .    (no shield)
rNeg    . . .      Spirit   .    b - +0 robe
rPois   .          Reflect  .    (helmet restricted)
rElec   .          Harm     .    (no cloak)
rCorr   .          Rampage  .    (gloves unavailable)
Will    +....                    (boots unavailable)
Stlth   ++++......               (no amulet)
HPRegen 0.11/turn                m - +4 ring of protection
MPRegen 0.14/turn                h - +6 ring of intelligence

@: very quick
A: very small, no large weapons, unfitting armour, see invisible, speed 3
a: no special abilities


You were on level 5 of the Dungeon.
You visited 2 branches of the dungeon, and saw 6 of its levels.

You collected 220 gold pieces.

Inventory:

Hand Weapons
 a - a +1 dagger
 v - a +1 dagger of venom (weapon)
 y - a +0 short sword of electrocution
Missiles
 t - 13 poisoned darts (quivered)
 u - 17 stones
Armour
 b - a +0 robe (worn)
Magical Staves
 k - a staff of earth
Jewellery
 d - a +6 ring of strength
 h - a +6 ring of intelligence (right hand)
 m - a +4 ring of protection (left hand)
 q - a ring of magical power
Scrolls
 e - 2 scrolls of teleportation {unknown}
 f - 4 scrolls of noise {unknown}
 g - 3 scrolls of identify {unknown}
 j - a scroll of magic mapping {unknown}
 n - 2 scrolls of butterflies {unknown}
 o - a scroll of enchant weapon {unknown}
 p - a scroll of enchant armour {unknown}
 r - a scroll of immolation {unknown}
 z - a scroll of blinking {unknown}
 B - a scroll of torment {unknown}
Potions
 c - 2 potions of invisibility
 i - a potion of flight {unknown}
 l - 2 potions of might {unknown}
 s - a potion of curing {unknown}
 w - a potion of degeneration {unknown}
 x - a potion of cancellation {unknown}
 A - a potion of attraction {unknown}


   Skills:
 + Level 1.5 Fighting
 + Level 4.2 Short Blades
 + Level 4.1 Dodging
 + Level 9.9 Stealth
 + Level 4.6 Spellcasting
 + Level 5.1 Hexes
 + Level 1.3 Ice Magic


You had 2 spell levels left.
You knew the following spells:

 Your Spells              Type           Power      Damage    Failure   Level
a - Ensorcelled Hibernat  Hex/Ice        44%        N/A       3%          2
b - Confusing Touch       Hex            31%        N/A       3%          3
c - Tukima's Dance        Hex            31%        N/A       3%          3
d - Dazzling Flash        Conj/Hex       36%        N/A       9%          3
e - Passwall              Tmut/Erth      4%         N/A       13%         2

Your spell library contained the following spells:

 Spells                   Type           Power      Damage    Failure   Level
 Magic Dart               Conj           20%        1d4       9%          1
 Sandblast                Erth           10%        2d5       9%          1
 Call Imp                 Summ           5%         N/A       13%         2
 Sublimation of Blood     Necr           5%         N/A       13%         2
 Wereblood                Tmut           5%         N/A       13%         2
 Portal Projectile        Hex/Tloc       36%        N/A       9%          3
 Mephitic Cloud           Conj/Pois/Air  5%         N/A       26%         3
 Stone Arrow              Conj/Erth      10%        3d7       26%         3
 Blade Hands              Tmut           2%         N/A       94%         5
 Summon Hydra             Summ           2%         N/A       100%        7


Dungeon Overview and Level Annotations

Branches:
Dungeon (5/15)             Temple (1/1) D:4

Altars:
Kikubaaqudgha


Innate Abilities, Weirdness & Mutations

You are very small and have problems with some larger weapons.
You are too small for most types of armour.
You have supernaturally acute eyesight. (SInv)
You cover ground extremely quickly. (Speed+++)


Message History

Casting: Ensorcelled Hibernation (safe; 3% risk of failure)
Confirm with . or Enter, or press ? or * to list all spells.
The spell is quite dangerous to miscast (9% risk of failure)!
Continue anyway?
Casting: Dazzling Flash (quite dangerous; 9% risk of failure)
Press: ? - help, Dir - look around, f - activate The orc is dazzled.
The orc priest mumbles some strange prayers to Beogh against you.
Beogh smites you!
Casting: Dazzling Flash (quite dangerous; 9% risk of failure)
Confirm with . or Enter, or press ? or * to list all spells.
Aiming: Ensorcelled Hibernation (safe; 3% risk of failure)
Press: ? - help, Shift-Dir - straight line, f - orc priest
Aim: an orc priest, wielding a +0 club and wearing a +0 ring mail (chance to affect: 54%)
The orc priest resists with significant effort.
Casting: Ensorcelled Hibernation (safe; 3% risk of failure)
Confirm with . or Enter, or press ? or * to list all spells.
Aiming: Tukima's Dance (dangerous; 3% risk of failure)
Press: ? - help, Shift-Dir - straight line, f/p - orc priest
Aim: an orc priest, wielding a +0 club and wearing a +0 ring mail (chance to affect: 61%)
The +0 club dances into the air!
The orc priest calls down the wrath of Beogh upon you.
Pain shoots through your body!
The orc is no longer blind.
Casting: Tukima's Dance (dangerous; 3% risk of failure)
Confirm with . or Enter, or press ? or * to list all spells.
Aiming: Tukima's Dance (dangerous; 3% risk of failure)
Press: ? - help, Shift-Dir - straight line, f - orc, p - orc priest
Aim: an orc, wielding a +0 dagger and wearing a +0 chain mail (chance to affect: 76%)
The +0 dagger dances into the air!
The orc priest mumbles some strange prayers to Beogh against you.
Pain shoots through your body!
Casting: Tukima's Dance (dangerous; 3% risk of failure)
Confirm with . or Enter, or press ? or * to list all spells.
Aiming: Tukima's Dance (dangerous; 3% risk of failure)
Press: ? - help, Shift-Dir - straight line, f - orc, p - orc
Aim: an orc, wielding a +0 short sword (chance to affect: 76%)
The orc's hands twitch.
The orc priest invokes the aid of Beogh against you.
Beogh smites you!
You die...

#.#.#.........#....#......'''.
#.#.#.........#....#.#....#.#.
#.............#....#.#....#.##
.###.##........##'###...####.#.
.....##.........#.# ##....##...
#.###...........#.# #....##...
.. +.....#####.#.####...†##...
#.###.>...#####'#.....#+####...
#.#...#.......@..####.#.####...
#.#...#..........# ##'#........
#.....#..........# #.......##..
#.....#..........# #.......+...
#...<.#..........# #.......####
#.....#.o........# #........#..
#.....(.o........###........#.#
#......o...........##.......#..
#....o...######.....#.......#..


You could see an orc priest and 2 orcs.

Vanquished Creatures
  2 water moccasins
  A black bear (D:5)
  An ogre (D:5)
  2 phantoms
  2 scorpions (D:4)
  A necrophage (D:5)
  An iguana (D:5)
  10 adders
  2 ufetubi (D:5)
  A dart slug (D:3)
  7 bats
  5 endoplasms
  3 giant cockroaches
  4 goblins
  5 hobgoblins
  4 jackals (D:3)
  6 kobolds
  3 quokkas
  5 ball pythons
  A frilled lizard (D:2)
  7 rats
73 creatures vanquished.

Vanquished Creatures (collateral kills)
  2 orc wizards (D:5)
2 creatures vanquished.

Vanquished Creatures (others)
  A dancing weapon (D:5)
1 creature vanquished.

Grand Total: 76 creatures vanquished

Notes
Turn   | Place    | Note
-------+----------+-------------------------------------------
     0 | D:1      | drpainis the Spriggan Enchanter began the quest for the
                  | Orb.
     0 | D:1      | Reached XP level 1. HP: 9/9 MP: 5/5
   318 | D:1      | Reached XP level 2. HP: 13/13 MP: 6/6
   329 | D:1      | Learned a level 2 spell: Ensorcelled Hibernation
   458 | D:1      | Found a faded altar of an unknown god.
   568 | D:1      | Reached skill level 5 in Stealth
  1244 | D:2      | Reached XP level 3. HP: 16/16 MP: 8/8
  1248 | D:2      | Learned a level 3 spell: Confusing Touch
  1252 | D:2      | Learned a level 3 spell: Tukima's Dance
  2385 | D:3      | Reached skill level 6 in Stealth
  2385 | D:3      | Reached XP level 4. HP: 19/21 MP: 9/9
  3334 | D:4      | Found a staircase to the Ecumenical Temple.
  3396 | D:4      | HP: 1/21 [kobold/+0 short sword of electrocution (20)]
  3773 | D:4      | Noticed a scorpion
  3795 | D:4      | Killed a scorpion
  3796 | D:4      | Reached XP level 5. HP: 25/25 MP: 7/10
  3863 | D:4      | Noticed a phantom
  3870 | D:4      | Killed a phantom
  3871 | D:4      | Reached skill level 7 in Stealth
  3878 | D:4      | Reached skill level 1 in Fighting
  3878 | D:4      | Reached XP level 6. HP: 30/30 MP: 10/12
  3882 | D:4      | Learned a level 3 spell: Dazzling Flash
  3922 | D:4      | Noticed a water moccasin
  3929 | D:4      | Killed a water moccasin
  3930 | D:4      | Reached skill level 8 in Stealth
  3948 | D:5      | Entered Level 5 of the Dungeon
  3982 | D:5      | Found an ancient bone altar of Kikubaaqudgha.
  4168 | Temple   | Entered the Ecumenical Temple
  5044 | D:5      | Reached skill level 1 in Ice Magic
  5044 | D:5      | Reached XP level 7. HP: 32/33 MP: 10/13
  5048 | D:5      | Learned a level 2 spell: Passwall
  5070 | D:5      | Reached skill level 9 in Stealth
  5229 | D:5      | Reached skill level 5 in Hexes
  5887 | D:5      | Killed from afar by an orc priest

Illustrated notes

Levels and vault maps discovered:
D:1:      dpeg_arrival_shelter, layout_basic, basic_ecumenical_altar
D:2:      layout_loops_corners
D:3:      layout_basic
D:4:      layout_loops_ring, minmay_temple_entry_from_below_a, item_on_display_a
D:5:      layout_basic, palyth_temple_overflow_mages, serial_shops,
          kennysheep_little_box
Temple:   ebering_the_none_and_only

Skill      XL: |  1  2  3  4  5  6  7 |
---------------+----------------------+-----
Hexes          | 4 5 |  5.1
Stealth        | 5 6 7 8 9 |  9.9
Dodging        | 3 4 |  4.1
Spellcasting   | 3 4 |  4.6
Short Blades   | 2 3 4 |  4.2
Fighting       | 1 |  1.5
Ice Magic      | 1 |  1.3

Action                   |  1- 3 |  4- 6 |  7- 9 || total
-------------------------+-------+-------+-------++-------
Melee: Dagger            |   105 |    68 |    40 ||   213
       Punch             |       |     3 |       ||     3
 Cast: Ensorcelled Hiber |     7 |     8 |     7 ||    22
       Tukima's Dance    |       |     2 |     7 ||     9
       Confusing Touch   |       |     2 |     2 ||     4
       Dazzling Flash    |       |       |     2 ||     2
 Stab: Sleeping          |    22 |    17 |     3 ||    42
       Confused          |       |     1 |     2 ||     3
Armor: Robe              |     8 |     7 |     6 ||    21
Dodge: Dodged            |    75 |    55 |    32 ||   162

Table legend: (Time is in decaauts)
 A = Elapsed time spent in this place.
 B = Non-inter-level travel time spent in this place.
 C = Inter-level travel time spent in this place.
 D = Time resting spent in this place.
 E = Time spent auto-exploring this place.
 F = Levels seen in this place.
 G = Mean time per level.
                   A        B        C        D        E       F      G
               +--------+--------+--------+--------+--------+-----+--------+
         Total |   4567 |   4528 |     39 |   1259 |   2364 |   6 |  761.2 |
       Dungeon |   4401 |   4364 |     37 |   1112 |   2364 |   5 |  880.2 |
        Temple |    165 |    164 |      1 |    147 |      0 |   1 |  165.0 |
               +--------+--------+--------+--------+--------+-----+--------+

Top non-repeatable levels by time:
     D:5: 1085 daAuts
     D:1: 973 daAuts
     D:4: 958 daAuts
     D:2: 720 daAuts
     D:3: 663 daAuts
  Temple: 165 daAuts
